 Dungeon Crawl Stone Soup version 0.29-a0-648-g6b26cc9f40 (webtiles) character file.

Game seed: 10029843884214774121

234734 dolemite99 the Tortoise (level 18, -7/138 HPs)
             Began as a Minotaur Fighter on June 21, 2022.
             Was an Elder of Hepliaklqana.
             Killed from afar by an ironbound frostheart (24 damage)
             ... by creeping frost
             ... led by a vault warden
             ... on level 1 of the Vaults.
             The game lasted 01:05:30 (52794 turns).

dolemite99 the Tortoise (Minotaur Fighter)         Turns: 52794, Time: 01:05:30

Health: -7/138     AC: 30    Str: 35    XL:     18   Next: 45%
Magic:  0/23       EV:  7    Int:  8    God:    Hepliaklqana [****..]
Gold:   3607       SH: 18    Dex: 10    Spells: 15/17 levels left

rFire   . . .      SeeInvis .   a - +3 broad axe (vorpal)
rCold   . . .      Faith    .   X - +0 tower shield
rNeg    + . .      Spirit   +   Z - +3 plate armour {rN+}
rPois   .          Reflect  .   y - +2 hat {Int+3}
rElec   +          Harm     .   S - scarf {repulsion}
rCorr   .          Rampage  +   m - +1 pair of gloves "Fuirra" {Rampage rElec}
Will    ++...                   h - +2 pair of boots
Stlth   ..........              A - amulet of guardian spirit
HPRegen 0.33/turn               d - +6 ring of strength
MPRegen 0.18/turn               c - ring of willpower {=R}

@: studying Crossbows, repel missiles
A: reduced essence, horns 2, retaliatory headbutt, frail 1, wild magic 1
}: 2/15 runes: decaying, serpentine
a: Renounce Religion, Recall Ancestor, Ancestor Identity, Transference, Idealise


You were on level 1 of the Vaults.
You worshipped Hepliaklqana.
Hepliaklqana was greatly pleased with you.
You visited 7 branches of the dungeon, and saw 33 of its levels.

You collected 5213 gold pieces.
You spent 1606 gold pieces at shops.

Inventory:

Hand Weapons
 a - a +3 vorpal broad axe (weapon)
 b - a +1 demon trident of venom
Missiles
 O - 38 poisoned darts
 P - 2 throwing nets
 R - 3 javelins
Armour
 f - a +1 cloak
 h - a +2 pair of boots (worn)
 m - the +1 pair of gloves "Fuirra" (worn) {Rampage rElec}
   (You found it on level 2 of the Dungeon)

   rElec:     It insulates you from electricity.
   Rampage:   It bestows one free step when moving towards enemies.
 y - a +2 hat of intelligence (worn)
 S - a scarf of repulsion (worn)
 X - a +0 tower shield (worn)
 Z - a +3 plate armour of positive energy (worn)
Jewellery
 c - a ring of willpower (right hand) {=R}
 d - a +6 ring of strength (left hand)
 n - a ring of poison resistance
 r - a ring of protection from fire
 s - a ring of see invisible
 t - a ring of protection from cold
 A - an amulet of guardian spirit (around neck)
 K - an amulet of the acrobat
 T - a ring of resist corrosion
Wands
 g - a wand of digging (5)
 u - a wand of charming (42)
 v - a wand of polymorph (20)
 w - a wand of iceblast (14)
 L - a wand of light (3)
Scrolls
 i - 3 scrolls of magic mapping
 k - 4 scrolls of immolation
 l - 12 scrolls of teleportation
 E - 2 scrolls of amnesia
 I - 3 scrolls of vulnerability
 M - a scroll of fog
 N - 3 scrolls of silence
 U - 13 scrolls of identify {@r1}
 V - 2 scrolls of poison
Potions
 e - 11 potions of brilliance
 o - 10 potions of flight
 x - 4 potions of ambrosia
 z - 5 potions of attraction
 B - a potion of haste
 C - 3 potions of cancellation
 F - a potion of resistance
 H - a potion of berserk rage
 Y - 2 potions of might
Miscellaneous
 q - a tin of tremorstones (inert)
 Q - a lightning rod (4/4)


   Skills:
 - Level 18.4 Fighting
 - Level 15.2(18.2) Axes
 - Level 16.4(18.8) Polearms
 - Level 2.1 Crossbows
 - Level 7.4 Throwing
 - Level 19.1 Armour
 + Level 16.1 Shields
 - Level 8.9 Invocations
 - Level 7.1 Evocations


You had 15 spell levels left.
You knew the following spells:

 Your Spells              Type           Power      Damage    Failure   Level
a - Passwall              Tmut/Erth      0%         N/A       100%        2

Your spell library contained the following spells:

 Spells                   Type           Power      Damage    Failure   Level
 Beastly Appendage        Tmut           0%         N/A       99%         1
 Necrotize                Necr           0%         1d4       99%         1
 Sandblast                Erth           0%         2d4       99%         1
 Poisonous Vapours        Pois/Air       0%         N/A       100%        2
 Static Discharge         Conj/Air       0%         N/A       100%        2
 Wereblood                Tmut           0%         N/A       100%        2
 Dazzling Flash           Conj/Hex       0%         N/A       100%        3
 Ignite Poison            Fire/Tmut/Pois 0%         N/A       100%        3
 Inner Flame              Hex/Fire       0%         N/A       100%        3
 Mephitic Cloud           Conj/Pois/Air  0%         N/A       100%        3
 Portal Projectile        Hex/Tloc       0%         N/A       100%        3
 Spider Form              Tmut/Pois      0%         N/A       100%        3
 Stone Arrow              Conj/Erth      0%         3d7       100%        3
 Summon Guardian Golem    Hex/Summ       0%         N/A       100%        3
 Tukima's Dance           Hex            0%         N/A       100%        3
 Vampiric Draining        Necr           0%         2d6       100%        3
 Cause Fear               Hex            0%         N/A       100%        4
 Corpse Rot               Necr/Pois/Air  0%         N/A       100%        4
 Leda's Liquefaction      Hex/Erth       0%         N/A       100%        4
 Passage of Golubria      Tloc           0%         N/A       100%        4
 Petrify                  Tmut/Erth      0%         N/A       100%        4
 Agony                    Necr           0%         N/A       100%        5
 Freezing Cloud           Conj/Ice/Air   0%         6-21      100%        5
 Lee's Rapid Deconstruct  Erth           0%         3d5*      100%        5
 Lightning Bolt           Conj/Air       0%         1d11      100%        5
 Metabolic Englaciation   Hex/Ice        0%         N/A       100%        5
 Silence                  Hex/Air        0%         N/A       100%        5
 Yara's Violent Unravell  Hex/Tmut       0%         3d3       100%        5
 Statue Form              Tmut/Erth      0%         N/A       100%        6
 Orb of Destruction       Conj           0%         9d5       100%        7
 Spellforged Servitor     Conj/Summ      0%         N/A       100%        7
 Discord                  Hex            0%         N/A       100%        8
 Lehudib's Crystal Spear  Conj/Erth      0%         10d2      100%        8
 Maxwell's Capacitive Co  Air            0%         ∞         100%        8


Dungeon Overview and Level Annotations

Branches:
Dungeon (15/15)            Temple (0/1) D:7            Lair (6/6) D:8
  Swamp (4/4) Lair:4        Snake (4/4) Lair:3        Slime (1/5) Lair:5
    Orc (2/2) D:10            Elf (0/3) Orc:2        Vaults (1/5) D:13
 Depths (0/4) D:15

Altars:
Dithmenos
Elyvilon
Hepliaklqana
Kikubaaqudgha
Nemelex Xobeh
Okawaru
Qazlal
Uskayaw
Vehumet
Yredelemnul
Zin
The Shining One
Beogh

Shops:
D:10 (   Orc:2 ?(=[   Snake:3 :

Annotations:
Lair:4 1 runed translucent door, jlumianski's ghost, adept DsFi
Swamp:1 exclusion: downstairs
Snake:1 2 transporters, Plog's ghost, journeyman DsBe


Innate Abilities, Weirdness & Mutations

Your life essence is reduced to manifest your ancestor. (-10% HP)
You have a pair of horns on your head.
You reflexively headbutt those who attack you in melee.
You are frail. (-10% HP)
Your spells are a little harder to cast, but a little more powerful.


Message History

The stone arrow hits the vault warden!!
The vault warden hits Kaya with a +0 great mace!!
Kaya is destroyed!
Your vault warden hits the vault warden with a +1 great mace of holy wrath!
The vault warden dies!
Training target 16.0 for Shields reached!
Your Shields skill increases to level 16!
You need to enable at least one skill for training.
What are your orders? t - Shout!
Orders for allies: a - Attack new target. p - Attack previous target. r - Retreat! s - Stop attacking. g - Guard the area. f - Follow me.
Anything else - Cancel.
Guard this area!
Your vault warden hits the vault guard with a +1 great mace of holy wrath!!
Your vault warden hits the vault guard with a +1 great mace of holy wrath!!
The runic seals fade away.
The vault guard hits your vault warden with a +0 halberd!
Your vault warden hits the vault guard with a +1 great mace of holy wrath!!
The vault guard dies!
Your vault warden hits the ironbound frostheart with a +1 great mace of holy wrath!!
You open the door.
There is an open door here.
Your vault warden closely misses the ironbound frostheart.
The ironbound frostheart calls freezing cold from the walls.
The frost grips you!
You are encased in ice.
The ironbound frostheart calls freezing cold from the walls.
The frost grips you but does no damage.
The ironbound frostheart calls freezing cold from the walls.
The frost grips you!!!
* * * LOW HITPOINT WARNING * * *
Something hits the ironbound frostheart!
You feel a bit more experienced.
You open the door. The ice encasing you melts away.
The ironbound frostheart calls freezing cold from the walls.
The frost grips you!!
You die...

#.........).#.........
#####...........##########
............p...........
........................
...........p............
##########'#############
#........p..#
#...........#
##########@## ..........#
.......)).# #########+###
#.......∩[..#
#.......)).[#
#########)### ..........#
..........#


You could see an ironbound frostheart.

Vanquished Creatures
  Saint Roka (Snake:2)
  Nikola (Swamp:4)
  A tentacled monstrosity (Swamp:4)
  Rupert (D:15)
  4 nagarajas (Snake:4)
  A fenstrider witch (Swamp:4)
  An orc warlord (Orc:2)
  The ghost of Toseom the Eclecticist, a journeyman DjCj of Makhleb (Lair:6)
  5 bunyips
  2 eleionomae (Swamp:4)
  A dire elephant (Lair:6)
  An ettin (Orc:1)
  Josephine (D:13)
  3 boulder beetles
  2 salamander tyrants (Snake:4)
  10 hydras
  A spriggan air mage (Swamp:3)
  3 centaur warriors
  2 ghost crabs
  An ogre mage (D:15)
  4 naga warriors
  8 two-headed ogres
  2 alligators (Swamp:4)
  A catoblepas (Lair:6)
  3 anacondas
  5 death yaks
  3 tengu warriors
  A hell knight (Vaults:1)
  A deep elf knight (D:13)
  7 naga sharpshooters
  A slime creature (D:13)
  3 shock serpents
  2 salamander mystics
  12 skeletal warriors
  2 anaconda zombies (Snake:1)
  5 bog bodies
  7 spectral anacondas (Snake:1)
  4 goliath frogs
  A death drake (Swamp:3)
  2 spriggan druids (Swamp:3)
  2 spectral hydras (Swamp:4)
  3 swamp dragons
  A naga ritualist (Snake:3)
  A necromancer (D:15)
  3 anaconda skeletons (Snake:1)
  2 wizards (D:11)
  5 orc sorcerers
  An orc knight (D:13)
  2 deep elf pyromancers (D:13)
  3 cyclopes
  A deep elf zephyrmancer (D:13)
  5 manticores
  2 will-o-the-wisps (Swamp:4)
  10 ugly things
  3 mana vipers
  4 salamanders
  5 elephants
  A guardian serpent (Snake:4)
  5 naga magi
  A vault sentinel (Vaults:1)
  20 black mambas
  A torpor snail (Lair:6)
  A gargoyle (D:13)
  8 cane toads
  A centaur skeleton (D:15)
  An unseen horror (D:11)
  2 efreet
  4 komodo dragons
  7 yaktaurs
  3 kobold demonologists
  2 anaconda simulacra (Snake:1)
  2 swamp worm zombies (Swamp:4)
  A tengu conjurer (D:14)
  6 trolls
  A hydra zombie (Swamp:4)
  A bloated husk (Swamp:4)
  3 tyrant leeches
  A wolf spider simulacrum (D:15)
  4 hornets
  A queen bee (shapeshifter) (D:14)
  A polar bear (Lair:6)
  20 blink frogs
  11 dream sheep
  A spectral swamp dragon (Swamp:4)
  4 alligator zombies (Swamp:4)
  Sigmund (D:6)
  4 spriggans
  3 water elementals (D:13)
  2 wyverns
  2 shadows (D:11)
  5 wraiths (D:13)
  24 yaks
  3 basilisks
  A golden eye (shapeshifter) (D:14)
  18 vampire mosquitoes
  2 wargs (Orc:2)
  3 steam dragons
  21 nagas
  9 swamp worms
  Duvessa (D:6)
  An acid dragon (D:13)
  9 water moccasins
  A swamp drake (Swamp:2)
  15 orc warriors
  2 swamp dragon zombies (Swamp:4)
  2 black bears
  15 wolves
  9 ogres
  A centaur (D:6)
  3 phantoms
  4 kobold brigands
  A gnoll sergeant (D:9)
  7 bullfrogs
  2 necrophages (D:6)
  2 scorpions
  Dowan (D:6)
  14 killer bees
  5 electric eels
  9 orc priests
  2 hounds (D:5)
  A gnoll shaman (D:10)
  7 iguanas
  25 orc wizards
  8 gnolls
  5 adders
  2 shadow imps
  An ufetubus (D:7)
  4 worms
  4 dart slugs
  52 orcs
  5 ball pythons
  4 endoplasms (D:2)
  A giant cockroach (D:1)
  13 goblins
  6 hobgoblins
  8 jackals
  7 kobolds
  6 quokkas
  3 bats
  3 frilled lizards
  4 rats
657 creatures vanquished.

Vanquished Creatures (collateral kills)
  A bone dragon (Swamp:4)
  The ghost of DocClef the Impaler, an adept MiFi of Okawaru (Swamp:2)
  A thorn hunter (Swamp:1)
  4 nagarajas
  Aizul (Swamp:2)
  2 vault wardens (Vaults:1)
  Louise (Swamp:1)
  2 ironbound thunderhulks (Vaults:1)
  Nessos (D:13)
  2 eleionomae
  3 bunyips
  Snorg (D:14)
  2 vault guards (Vaults:1)
  A boulder beetle (D:15)
  A ghost crab (Swamp:1)
  A salamander tyrant (Snake:4)
  2 ogre magi (Orc:2)
  2 hydras (Lair:6)
  6 naga warriors
  3 anacondas
  A centaur warrior (D:13)
  An alligator (Swamp:3)
  4 death yaks
  Urug (Orc:1)
  4 naga sharpshooters
  3 shock serpents
  2 goliath frogs
  A deep troll (Vaults:1)
  2 anaconda zombies (Snake:1)
  A spriggan druid (Swamp:4)
  A salamander mystic (Snake:3)
  2 spectral hydras (Swamp:4)
  A swamp dragon (Swamp:4)
  A naga ritualist (Snake:4)
  11 wizards
  8 bog bodies
  An ironbound convoker (Vaults:1)
  A mana viper (Snake:1)
  A phantasmal warrior (Swamp:4)
  A deep elf pyromancer (D:13)
  6 orc sorcerers
  An oklob plant (Swamp:4)
  4 will-o-the-wisps
  The ghost of wingedge the Reanimator, a novice DsNe of Vehumet (D:6)
  2 cyclopes
  A manticore (D:15)
  4 salamanders
  3 elephants
  5 naga magi
  4 ugly things
  10 black mambas
  A guardian serpent (Snake:3)
  A centaur skeleton (D:15)
  2 cane toads
  A gargoyle (D:11)
  A rime drake (Lair:4)
  4 komodo dragons
  3 yaktaurs
  2 tengu conjurers
  A swamp worm zombie (Swamp:4)
  An anaconda simulacrum (Snake:1)
  A troll (Orc:1)
  A hydra zombie (Swamp:4)
  3 hornets
  2 spectral swamp dragons (Swamp:4)
  A polar bear (Lair:4)
  7 blink frogs
  A slime creature (D:13)
  12 dream sheep
  A centaur simulacrum (D:15)
  2 spriggans (Swamp:1)
  A water elemental (D:13)
  A shadow (D:12)
  4 basilisks
  21 yaks
  A wraith (D:11)
  5 wyverns
  7 vampire mosquitoes
  A steam dragon (D:8)
  17 nagas
  4 swamp worms
  5 water moccasins
  3 swamp dragon zombies (Swamp:4)
  2 orc warriors
  2 swamp drakes (Swamp:1)
  10 wolves
  4 centaurs
  3 phantoms
  3 kobold brigands
  4 bullfrogs
  A gnoll sergeant (D:7)
  A necrophage (D:7)
  10 killer bees
  7 howler monkeys (D:10)
  2 electric eels
  2 hounds (D:6)
  4 orc priests
  A jelly (D:7)
  12 orc wizards
  3 gnolls
  A swamp drake zombie (Swamp:4)
  21 orcs
  2 kobolds (D:8)
  3 butterflies (Lair:6)
343 creatures vanquished.

Vanquished Creatures (others)
  A vault warden (Vaults:1)
  A wizard (D:15)
  A manticore (Lair:6)
  A troll (D:8)
  2 bloated husks
  A naga (Snake:3)
  A boggart zombie (D:15)
  An orc wizard (Orc:2)
  50 battlemagi
  3 ancestors
  2 briar patches (Swamp:1)
  26 foxfires
  46 fungi
  52 plants
188 creatures vanquished.

Grand Total: 1188 creatures vanquished

Notes
Turn   | Place    | Note
-------+----------+-------------------------------------------
     0 | D:1      | dolemite99 the Minotaur Fighter began the quest for the
                  | Orb.
     0 | D:1      | Reached XP level 1. HP: 19/19 MP: 0/0
   153 | D:1      | Reached XP level 2. HP: 22/26 MP: 1/1
   503 | D:1      | Got the Disquisition on Hexes
   626 | D:1      | Reached XP level 3. HP: 31/31 MP: 2/2
  1698 | D:2      | Identified the +1 pair of gloves "Fuirra" {Rampage rElec}
  1793 | D:2      | Reached skill level 5 in Polearms
  2257 | D:2      | Reached XP level 4. HP: 39/39 MP: 3/3
  2470 | D:3      | Found a glowing silver altar of Zin.
  2810 | D:3      | Gained mutation: Your spells are a little harder to cast,
                  | but a little more powerful. [potion of mutation]
  2810 | D:3      | Gained mutation: You are frail. (-10% HP) [potion of
                  | mutation]
  3662 | D:3      | Found a hazy altar of Hepliaklqana.
  3671 | D:3      | Reached XP level 5. HP: 35/40 MP: 4/4
  3671 | D:3      | Found a faded altar of an unknown god.
  3713 | D:3      | Became a worshipper of Hepliaklqana the Forgotten
  3862 | D:4      | Noticed an ogre
  3875 | D:4      | Killed an ogre
  4166 | D:4      | Reached XP level 6. HP: 45/45 MP: 5/5
  5098 | D:4      | Reached XP level 7. HP: 27/51 MP: 6/6
  5301 | D:5      | Entered Level 5 of the Dungeon
  5361 | D:5      | Reached * piety under Hepliaklqana
  5422 | D:5      | Reached skill level 10 in Polearms
  5653 | D:5      | Reached XP level 8. HP: 40/51 MP: 7/7
  6510 | D:6      | Noticed Duvessa
  6510 | D:6      | Noticed Dowan
  6521 | D:6      | Killed Duvessa
  6524 | D:6      | Killed Dowan
  6641 | D:6      | Found a runed translucent gate.
  6643 | D:6      | Found a runed translucent gate.
  6643 | D:6      | Found a runed translucent gate.
  6818 | D:6      | Reached ** piety under Hepliaklqana
  6819 | D:6      | Remembered your ancestor Kaya as a battlemage
  6844 | D:6      | Reached XP level 9. HP: 35/56 MP: 8/8
  7246 | D:6      | Noticed Sigmund
  7255 | D:6      | Killed Sigmund
  8170 | D:6      | Noticed wingedge's ghost (novice DsNe)
  8172 | D:6      | Identified 2 scrolls of acquirement
  8173 | D:6      | Acquired 992 gold pieces
  8175 | D:6      | Acquired a +0 hat of intelligence
  8200 | D:7      | Found a staircase to the Ecumenical Temple.
  8266 | D:7      | Reached *** piety under Hepliaklqana
  8324 | D:7      | Reached skill level 15 in Polearms
  8462 | D:7      | Found a stormy altar of Qazlal.
  8603 | D:7      | Found a white marble altar of Elyvilon.
  8779 | D:8      | Noticed an elephant
  8968 | D:8      | Noticed a troll
  8997 | D:8      | Killed an elephant
  8998 | D:8      | Reached skill level 5 in Fighting
  8998 | D:8      | Reached XP level 10. HP: 44/65 MP: 9/9
  9102 | D:8      | Found a staircase to the Lair.
  9282 | D:8      | Found a basalt altar of Yredelemnul.
  9327 | D:8      | Reached skill level 4 in Armour
  9392 | D:8      | Reached **** piety under Hepliaklqana
  9433 | D:8      | Reached skill level 5 in Armour
  9439 | D:8      | Reached skill level 6 in Armour
  9846 | D:9      | Reached skill level 1 in Axes
  9867 | D:9      | Reached skill level 5 in Axes
 10237 | D:9      | Found a sparkling altar of Nemelex Xobeh.
 11147 | D:10     | Entered Level 10 of the Dungeon
 11337 | D:10     | Reached XP level 11. HP: 65/72 MP: 10/10
 11439 | D:10     | Found a shadowy altar of Dithmenos.
 11439 | D:10     | Found a hide-covered altar of Uskayaw.
 11576 | D:10     | Reached ***** piety under Hepliaklqana
 11601 | D:10     | Found a staircase to the Orcish Mines.
 11653 | D:10     | Found Lagyr's Antique Weapon Shoppe.
 11808 | D:10     | Found an iron altar of Okawaru.
 11808 | D:10     | Found a glowing golden altar of the Shining One.
 11891 | D:11     | Reached skill level 7 in Armour
 11948 | D:11     | Noticed a wizard
 11959 | D:11     | Killed a wizard
 12402 | D:11     | Noticed a wizard
 12701 | D:11     | Reached skill level 8 in Armour
 12937 | D:11     | Noticed a two-headed ogre
 12943 | D:11     | Killed a two-headed ogre
 13120 | D:11     | Killed a wizard
 13130 | D:11     | Noticed a two-headed ogre
 13140 | D:11     | Killed a two-headed ogre
 13227 | D:11     | Noticed a wizard
 14110 | D:11     | Noticed a wizard
 14117 | D:11     | Killed a wizard
 14118 | D:11     | Reached skill level 5 in Invocations
 14123 | D:11     | Killed a wizard
 14124 | D:11     | Noticed a wizard
 14126 | D:11     | Noticed a wizard
 14127 | D:11     | Killed a wizard
 14131 | D:11     | Killed a wizard
 14205 | D:11     | Noticed a wizard
 14211 | D:11     | Killed a wizard
 14233 | D:11     | Found the +3 warlock's mirror {reflect}
 14257 | D:11     | Noticed a wizard
 14270 | D:11     | Noticed a wizard
 14273 | D:11     | Killed a wizard
 14274 | D:11     | Reached XP level 12. HP: 83/83 MP: 16/16
 15690 | Lair:1   | Entered Level 1 of the Lair of Beasts
 15767 | Lair:1   | Reached skill level 9 in Armour
 16157 | Lair:1   | Reached skill level 10 in Fighting
 17259 | Lair:1   | Reached skill level 10 in Axes
 18993 | Lair:3   | Noticed a seven-headed hydra
 19003 | Lair:3   | Killed a seven-headed hydra
 19375 | Lair:3   | Found a staircase to the Snake Pit.
 19387 | Lair:3   | Reached XP level 13. HP: 91/91 MP: 18/18
 20097 | Lair:3   | You fall into a shaft and drop 3 floors!
 20097 | Lair:6   | Entered Level 6 of the Lair of Beasts
 20392 | Lair:5   | Found a staircase to the Slime Pits.
 20662 | Lair:5   | Reached ****** piety under Hepliaklqana
 21191 | Lair:4   | Found a staircase to the Swamp.
 21498 | Lair:4   | Found a runed translucent door.
 21502 | Lair:4   | Noticed jlumianski's ghost (adept DsFi)
 21998 | Slime:1  | Entered Level 1 of the Pits of Slime
 22034 | Lair:6   | Found a runed translucent gate.
 22034 | Lair:6   | Found a runed translucent gate.
 22034 | Lair:6   | Found a runed translucent gate.
 22039 | Lair:6   | Noticed Toseom's ghost (journeyman DjCj)
 22560 | Lair:6   | Identified the +10 hunting sling "Hiwk" {freeze, Contam Fly
                  | rPois SInv}
 22669 | Lair:6   | Reached skill level 10 in Armour
 22773 | Lair:6   | Reached XP level 14. HP: 101/105 MP: 19/19
 23084 | Lair:6   | Reached skill level 11 in Armour
 23286 | Lair:6   | Reached skill level 12 in Armour
 24127 | Lair:6   | Reached skill level 13 in Armour
 24847 | Lair:6   | Killed Toseom's ghost
 24848 | Lair:6   | Reached skill level 14 in Armour
 25061 | Orc:1    | Entered Level 1 of the Orcish Mines
 25061 | Orc:1    | Noticed Urug
 25068 | Orc:1    | Killed Urug
 25084 | Orc:1    | Reached skill level 1 in Throwing
 25557 | Orc:2    | Entered Level 2 of the Orcish Mines
 25644 | Orc:2    | Found a staircase to the Elven Halls.
 25660 | Orc:2    | Noticed an orc warlord
 25849 | Orc:2    | Killed an orc warlord
 26211 | Orc:2    | Found Giotusos's Antique Weapon Emporium.
 26261 | Orc:2    | Found a radiant altar of Vehumet.
 26315 | Orc:2    | Found Jofavock's Antique Armour Emporium.
 26322 | Orc:2    | Reached skill level 5 in Throwing
 26795 | Orc:2    | Found an ancient bone altar of Kikubaaqudgha.
 27048 | Orc:2    | Found Novua's Magic Scroll Shoppe.
 27353 | Orc:2    | Found Ycataseh's Jewellery Shoppe.
 27390 | Orc:2    | Bought a +6 ring of strength for 936 gold pieces
 27536 | Orc:2    | Bought a scroll of blinking for 82 gold pieces
 27536 | Orc:2    | Bought a scroll of blinking for 82 gold pieces
 27536 | Orc:2    | Bought a scroll of magic mapping for 38 gold pieces
 27536 | Orc:2    | Bought a scroll of teleportation for 33 gold pieces
 27536 | Orc:2    | Bought a scroll of teleportation for 33 gold pieces
 27536 | Orc:2    | Bought a scroll of teleportation for 33 gold pieces
 27536 | Orc:2    | Bought 3 scrolls of teleportation for 99 gold pieces
 29287 | D:13     | Reached skill level 15 in Axes
 29322 | D:13     | Noticed Snorg
 29346 | D:12     | Reached XP level 15. HP: 95/110 MP: 20/20
 29926 | D:13     | Noticed Nessos
 29936 | D:13     | Killed Nessos
 29937 | D:13     | Reached skill level 1 in Evocations
 30870 | D:14     | Acquired 1094 gold pieces
 31553 | D:15     | Entered Level 15 of the Dungeon
 31973 | D:15     | Identified the +10 dagger of Integrity {freeze, *Rage MP+9
                  | SInv}
 32025 | D:15     | Reached skill level 15 in Fighting
 33171 | D:14     | Killed Snorg
 33887 | D:15     | Found a staircase to the Depths.
 34018 | D:15     | Noticed Rupert
 34027 | D:15     | Killed Rupert
 35115 | D:13     | Noticed Josephine
 35124 | D:13     | Killed Josephine
 35136 | D:13     | Reached skill level 15 in Armour
 35164 | D:13     | Found a gate to the Vaults.
 35620 | D:13     | Reached XP level 16. HP: 89/124 MP: 21/21
 36363 | D:6      | Killed wingedge's ghost
 36485 | Snake:1  | Entered Level 1 of the Snake Pit
 36543 | Snake:1  | Reached skill level 16 in Armour
 37030 | Snake:1  | Reached skill level 17 in Armour
 37299 | Snake:1  | Found the +5 scythe "Finisher" {speed, eviscerate}
 37569 | Snake:1  | Found a transporter.
 37584 | Snake:1  | Noticed Plog's ghost (journeyman DsBe)
 37598 | Snake:1  | Found a transporter.
 38178 | Snake:2  | Reached skill level 18 in Armour
 38448 | Snake:2  | Noticed Saint Roka
 38462 | Snake:2  | Killed Saint Roka
 38692 | Snake:2  | Identified the +1 robe of Midsummer {-Tele rF+ rCorr Str-4
                  | Dex+3}
 39075 | Snake:3  | Found Beviz's Book Boutique.
 39627 | Snake:3  | Bought a book of Geomancy for 270 gold pieces
 39630 | Snake:3  | Learned a level 2 spell: Passwall
 40241 | Snake:3  | Reached skill level 19 in Armour
 40615 | Swamp:1  | Entered Level 1 of the Swamp
 40782 | Swamp:1  | Noticed a thorn hunter
 40785 | Swamp:1  | Reached skill level 1 in Crossbows
 40794 | Swamp:1  | Killed a thorn hunter
 40795 | Swamp:1  | Reached XP level 17. HP: 61/132 MP: 17/22
 41447 | Swamp:1  | Reached skill level 5 in Evocations
 41629 | Swamp:1  | Noticed Louise
 41637 | Swamp:1  | Killed Louise
 41923 | Swamp:2  | Found a runed translucent door.
 41979 | Swamp:2  | Noticed Aizul
 42180 | Swamp:2  | Reached skill level 5 in Shields
 42196 | Swamp:2  | Killed Aizul
 42578 | Swamp:2  | Noticed DocClef's ghost (adept MiFi)
 42593 | Swamp:2  | Killed DocClef's ghost
 44730 | Swamp:4  | Entered Level 4 of the Swamp
 45104 | Swamp:4  | Reached skill level 10 in Shields
 45245 | Swamp:4  | Noticed Nikola
 45259 | Swamp:4  | Killed Nikola
 45752 | Swamp:4  | Noticed a tentacled monstrosity
 45767 | Swamp:4  | Killed a tentacled monstrosity
 46403 | Swamp:4  | Noticed a bone dragon
 46890 | Swamp:4  | Killed a bone dragon
 47559 | Swamp:4  | Got a decaying rune of Zot
 48746 | Snake:4  | Entered Level 4 of the Snake Pit
 48975 | Snake:4  | Reached XP level 18. HP: 123/138 MP: 19/23
 51876 | Snake:4  | Reached skill level 15 in Shields
 51900 | Snake:4  | Got a serpentine rune of Zot
 52240 | Vaults:1 | Entered Level 1 of the Vaults
 52794 | Vaults:1 | Killed from afar by an ironbound frostheart

Illustrated notes

Levels and vault maps discovered:
D:1:      heliophobic_arrival_glass_houses, layout_basic,
          chequers_serial_rivers_micro_b, minivault_4, minmay_splitting_lines
D:2:      layout_rooms
D:3:      layout_basic, beargit_hepliaklqana_dungeon_heroes,
          mainiacjoe_overflow_brackets
D:4:      kennysheep_the_goblin_king, layout_basic
D:5:      layout_basic, minmay_misc_feat_columns
D:6:      layout_loops_corners, ebering_ghost_rock_garden,
          cheibrodos_sewer_entry_bend, serial_co_window_serial,
          co_window_paths_b, co_window_of_opportunity_a, co_window_paths_a,
          co_window_corner_a, co_window_corner_a, co_window_corner_b,
          co_window_corner_b, co_window_corner_ca, co_window_corner_b,
          co_window_broadway_c, co_window_4corner_a, glass_columns_a,
          glass_columns_c, minmay_manual_mares, uniq_duvessa, uniq_sigmund
D:7:      layout_cave_pools, general_overflow_altar,
          mainiacjoe_overflow_cross_hatched, minmay_temple_entry_mist
D:8:      layout_cave_pools, amcnicky_altar_gilded, david_lair_generic
D:9:      layout_gridville, nemelex_xobeh_ov_fountains_minmay
D:10:     layout_rooms, amethyst_overflow_temple_binary,
          gammafunk_temple_overflow_statue, orc_0_dummy, serial_shops, shop,
          nicolae_figureground_pulse
D:11:     minmay_smoke_and_mirrors, layout_loops_cross
D:12:     layout_layer_cave
D:13:     layout_basic, hangedman_vaults_entry_quadrant_bands, uniq_josephine,
          uniq_nessos, uniq_snorg
D:14:     layout_basic, minmay_misc_feat_nine_boxes
D:15:     grunt_enter_depths_magical_seal, layout_irregular_city,
          hangedman_decor_push, uniq_rupert
Lair:1:   layout_gridlike, infiniplex_staircase_pool_2, serial_bayou_shore_a
Lair:2:   layout_cave_pods, grunt_forest_small_clearing_treed,
          grunt_megastairs_5
Lair:3:   layout_cellular_growth, minmay_snake_entry_guardpost_small,
          chequers_serial_rivers_room_b, chequers_serial_rivers_room_b
Lair:4:   layout_misc_corridors, skrybe_swamp_entry_bodies,
          ebering_ghost_inner_flame, grunt_megastairs_4
Lair:5:   layout_loops_ring, slime_dummy
Lair:6:   hangedman_lair_in_review, layout_layer_cave,
          gammafunk_ghost_hydra_chop, lemuel_fruit_fields
Swamp:1:  layout_basic_swamp, evilmike_swamp_ruin_house_5, uniq_louise
Swamp:2:  layout_basic_swamp, ebering_ghost_reflecting_pool,
          hangedman_swamp_lotus, uniq_aizul
Swamp:3:  layout_falls_marsh, hangedman_swamp_ruin_wall
Swamp:4:  swamp_pestilence, layout_basic_swamp, nicolae_swamp_spooky_pond,
          uniq_nikola
Snake:1:  layout_onion_interference, gammafunk_ghost_berserking_beasts,
          nicolae_snake_dead_anacondas, grunt_megastairs_2, serial_bayou_shore_b
Snake:2:  layout_rooms, uniq_saint_roka
Snake:3:  layout_rooms, serial_shops, shop_fountains
Snake:4:  minmay_snake_end_coiled, layout_onion_interference,
          grunt_ministairs_15
Slime:1:  layout_caves, cheibrodos_slime_lost_civilization_6
Orc:1:    layout_caves, uniq_urug
Orc:2:    kennysheep_orc_mage_school, layout_diamond_mine
Vaults:1: vaults_room_door_hall, v_misc_11, v_misc_31,
          nicolae_vaults_diagonal_hallway_8, ontoclasm_vaults_gallery,
          nicolae_vaults_little_squares_4, nicolae_vaults_big_ls,
          layout_vaults_big_room, serial_shops, shop_statue

Skill      XL: |  1  2  3  4  5  6  7  8  9 10 11 12 13 14 15 16 17 18 |
---------------+-------------------------------------------------------+-----
Polearms       | 3 4 5 6 7 9 11 14 16 | 16.4
Fighting       | 5 6 9 10 14 17 18 | 18.4
Armour         | 6 8 9 10 14 15 19 | 19.1
Axes           | 8 12 14 15 | 15.2
Invocations    | 7 8 |  8.9
Throwing       | 7 |  7.4
Shields        | 4 12 16 | 16.1
Evocations     | 4 7 |  7.1
Crossbows      | 2 |  2.1

Action                   |  1- 3 |  4- 6 |  7- 9 | 10-12 | 13-15 | 16-18 || total
-------------------------+-------+-------+-------+-------+-------+-------++-------
Melee: Trident           |    84 |   147 |   187 |   313 |    63 |       ||   794
       Headbutt          |    10 |    13 |    28 |    54 |   165 |   151 ||   421
       Broad axe         |       |       |       |    60 |   650 |   638 ||  1348
       Demon trident     |       |       |       |       |       |     6 ||     6
Throw: Dart              |     8 |    17 |    22 |    21 |       |    18 ||    86
       Javelin           |       |    25 |    17 |     4 |       |    37 ||    83
       Boomerang         |       |       |       |    48 |       |       ||    48
Invok: Ancestor Life: Ba |       |       |     1 |       |       |       ||     1
       Recall Ancestor   |       |       |       |     5 |    18 |    13 ||    36
       Idealise          |       |       |       |     1 |    21 |    16 ||    38
Evoke: Wand              |       |       |     2 |    10 |     5 |    84 ||   101
       Lightning rod     |       |       |       |       |     4 |    16 ||    20
       Tin of tremorston |       |       |       |       |       |     5 ||     5
  Use: Scroll            |       |     5 |     6 |    14 |    18 |    20 ||    63
       Potion            |       |     5 |     1 |     2 |     6 |    17 ||    31
 Stab: Distracted        |       |       |       |     5 |    11 |    12 ||    28
       Petrifying        |       |       |       |       |     1 |       ||     1
       Petrified         |       |       |       |       |     1 |       ||     1
Armor: Scale mail        |    18 |    50 |       |       |       |       ||    68
       Skin              |       |     6 |       |       |       |       ||     6
       Chain mail        |       |       |    35 |       |       |       ||    35
       Plate armour      |       |       |    35 |   143 |   332 |   433 ||   943
Dodge: Dodged            |    41 |    48 |    47 |    98 |   289 |   235 ||   758
       Repelled          |       |       |       |       |     6 |    31 ||    37
Block: Buckler           |    14 |    32 |    27 |    66 |   263 |   142 ||   544
       Reflection        |       |       |       |     4 |    27 |    22 ||    53
       Tower shield      |       |       |       |       |       |   176 ||   176
       Kite shield       |       |       |       |       |       |    50 ||    50

Table legend: (Time is in decaauts)
 A = Elapsed time spent in this place.
 B = Non-inter-level travel time spent in this place.
 C = Inter-level travel time spent in this place.
 D = Time resting spent in this place.
 E = Time spent auto-exploring this place.
 F = Levels seen in this place.
 G = Mean time per level.
                   A        B        C        D        E       F      G
               +--------+--------+--------+--------+--------+-----+--------+
         Total |  52745 |  50252 |   2493 |  20452 |  21229 |  33 | 1598.3 |
       Dungeon |  24697 |  23395 |   1302 |   9311 |  10784 |  15 | 1646.5 |
          Lair |   9832 |   9313 |    519 |   2676 |   5105 |   6 | 1638.7 |
         Swamp |   7839 |   7552 |    287 |   4063 |   2048 |   4 | 1959.8 |
     Snake Pit |   7378 |   7104 |    274 |   3232 |   2306 |   4 | 1844.5 |
    Slime Pits |      1 |      1 |      0 |      0 |      0 |   1 |    1.0 |
  Orcish Mines |   2721 |   2612 |    109 |   1042 |    943 |   2 | 1360.5 |
        Vaults |    275 |    275 |      0 |    126 |     41 |   1 |  275.0 |
               +--------+--------+--------+--------+--------+-----+--------+

Top non-repeatable levels by time:
 Swamp:4: 3540 daAuts
    D:14: 2850 daAuts
  Lair:6: 2825 daAuts
    D:11: 2714 daAuts
 Snake:4: 2425 daAuts
 Snake:3: 2307 daAuts
    D:13: 2214 daAuts
    D:15: 2030 daAuts
   Orc:2: 2028 daAuts
     D:6: 1968 daAuts
 Swamp:2: 1967 daAuts
    D:10: 1936 daAuts
  Lair:1: 1734 daAuts
  Lair:2: 1701 daAuts
 Snake:1: 1664 daAuts
